[Event "Fagernes Chess GM-Swiss 2025"]
[Site "Fagernes"]
[Date "2025.04.16"]
[Round "4.15"]
[White "Andersen, Morten"]
[Black "Bazakutsa, Svyatoslav"]
[Result "0-1"]
[Annotator "RC"]
[ECO "E61"]
[WhiteElo "2200"]
[BlackElo "2474"]
[PlyCount "68"]
[EventDate "2025.04.12"]
[EventCountry "NOR"]
[SourceTitle "playchess.com"]
[Source "ChessBase"]
[SourceQuality "1"]
[TimeControl "40/6000+30:2400+30"]

1. Nf3 Nf6 2. c4 g6 3. d4 Bg7 4. e3 O-O 5. Be2 d6 6. O-O Nbd7 7. Nc3 e5 8. b4 Re8 9. Bb2 e4 10. Ne1 Nf8 11. d5 h5 12. Nc2 N8h7 13. f4 exf3 14. Bxf3 a5 15. bxa5 Nd7 16. Na4 Ne5 17. Bd4 Rxa5 18. Nb2 Ng5 19. Kh1 Bf5 20. Ne1 Qd7 21. a4 Raa8 22. a5 h4 23. Qa4 Qc8 24. Qb4 h3 25. c5 hxg2+ 26. Bxg2 Be4 27. Nd1 dxc5 28. Qxc5 Nd3 29. Qc3 Bxd4 30. Qxd4 Nxe1 31. Bxe4 Rxe4 32. Qf6 Qh3 33. Rxe1 Nf3 34. Ra2 Rh4 0-1

[Event "Fagernes Chess GM-Swiss 2025"]
[Site "Fagernes"]
[Date "2025.04.16"]
[Round "4.16"]
[White "Kaasen, Tor Fredrik"]
[Black "Southcott-Moyers, Indy"]
[Result "1-0"]
[Annotator "RC"]
[ECO "C50"]
[WhiteElo "2472"]
[BlackElo "2227"]
[PlyCount "129"]
[EventDate "2025.04.12"]
[EventCountry "NOR"]
[SourceTitle "playchess.com"]
[Source "ChessBase"]
[SourceQuality "1"]
[TimeControl "40/6000+30:2400+30"]

1. e4 e5 2. Nf3 Nc6 3. Bc4 Bc5 4. d3 Nf6 5. Nc3 d6 6. Na4 Bb6 7. a3 O-O 8. O-O Be6 9. Bxe6 fxe6 10. b4 Nd4 11. Ne1 Qd7 12. Nxb6 axb6 13. c3 Nc6 14. Nf3 Ne7 15. Re1 Ng6 16. c4 c5 17. Rb1 Ne7 18. Re2 Nc6 19. Rb3 h6 20. Reb2 Ra7 21. h3 Kh7 22. Be3 Rfa8 23. bxc5 bxc5 24. Kh2 Nd8 25. Ra2 Qc7 26. Qb1 Nd7 27. Ng1 Nc6 28. Ne2 Nd4 29. Nxd4 cxd4 30. Bc1 Nc5 31. Rb5 Qf7 32. Qc2 Ra6 33. Kg1 Kh8 34. Ra1 Kh7 35. Rab1 Qh5 36. Bb2 Rf8 37. Rf1 Raa8 38. a4 Qg6 39. Ba3 Rf3 40. Bxc5 dxc5 41. Kh2 Rf6 42. Rxc5 Qg5 43. a5 Rg6 44. g3 Rf8 45. Qe2 Rf4 46. Rb5 Rf7 47. Kg2 Kg8 48. Kh2 Kh7 49. Rb2 Qd8 50. Rb6 Rgf6 51. Kg2 Qf8 52. f3 Qa3 53. Rb5 Qd6 54. Qb2 Qc7 55. Qb4 Rg6 56. g4 Qd8 57. Rxe5 Qf6 58. f4 Qh4 59. Qe1 Qd8 60. f5 exf5 61. exf5 Ra6 62. Qe4 Rxa5 63. f6+ g6 64. Re7 Ra2+ 65. Kg1 1-0

[Event "Fagernes Chess GM-Swiss 2025"]
[Site "Fagernes"]
[Date "2025.04.16"]
[Round "4.17"]
[White "Berget, Eirik"]
[Black "Mitusov, Semen"]
[Result "0-1"]
[Annotator "RC"]
[ECO "B33"]
[WhiteElo "2041"]
[BlackElo "2459"]
[PlyCount "90"]
[EventDate "2025.04.12"]
[EventCountry "NOR"]
[SourceTitle "playchess.com"]
[Source "ChessBase"]
[SourceQuality "1"]
[TimeControl "40/6000+30:2400+30"]

1. e4 c5 2. Nf3 Nc6 3. d4 cxd4 4. Nxd4 Nf6 5. Nc3 e5 6. Nf3 Bb4 7. Bc4 d6 8. h3 O-O 9. Bg5 h6 10. Bh4 g5 11. Nxg5 hxg5 12. Bxg5 Be6 13. Bb3 Kg7 14. O-O Bxc3 15. bxc3 Bxb3 16. axb3 Qd7 17. f4 Nxe4 18. fxe5 Nxg5 19. Qh5 Nxh3+ 20. gxh3 Nxe5 21. Qg5+ Ng6 22. Qf6+ Kg8 23. Rf3 Rae8 24. Ra4 Re1+ 25. Kh2 Rfe8 26. Rg4 R8e2+ 27. Rf2 Rxf2+ 28. Qxf2 Qe6 29. Rg2 Qe5+ 30. Qg3 Qxg3+ 31. Kxg3 Re3+ 32. Kg4 Rxc3 33. h4 Kh7 34. Kg5 Rc5+ 35. Kf6 Rf5+ 36. Kxf5 Nxh4+ 37. Kf6 Nxg2 38. Kxf7 Ne3 39. Ke6 d5 40. Ke5 Kg6 41. Kd4 Nxc2+ 42. Kxd5 Kf5 43. Kd6 Ke4 44. Kc7 b5 45. Kb7 b4 0-1

[Event "Fagernes Chess GM-Swiss 2025"]
[Site "Fagernes"]
[Date "2025.04.16"]
[Round "4.18"]
[White "Lund, Gunnar"]
[Black "Brattgjerd, Isak Vinh"]
[Result "1-0"]
[Annotator "RC"]
[ECO "B13"]
[WhiteElo "2341"]
[BlackElo "2202"]
[PlyCount "119"]
[EventDate "2025.04.12"]
[EventCountry "NOR"]
[SourceTitle "playchess.com"]
[Source "ChessBase"]
[SourceQuality "1"]
[TimeControl "40/6000+30:2400+30"]

1. e4 c6 2. d4 d5 3. exd5 cxd5 4. Bd3 Nc6 5. c3 Nf6 6. h3 e5 7. dxe5 Nxe5 8. Nf3 Bd6 9. O-O O-O 10. Nxe5 Bxe5 11. Qf3 Bc7 12. Bf4 Bxf4 13. Qxf4 Qb6 14. b3 Be6 15. Nd2 Rac8 16. Rfc1 Rc6 17. Rc2 Rfc8 18. Rac1 Nd7 19. Nf3 Nc5 20. Qe3 Bd7 21. Ne5 Re8 22. Nxd7 Rxe3 23. Bxh7+ Kxh7 24. Nxb6 Rd3 25. Na4 Nxa4 26. bxa4 Kg6 27. a5 Ra6 28. Rb1 Rxa5 29. Rxb7 Kf6 30. Rb1 Rc5 31. Rbc1 d4 32. cxd4 Rd1+ 33. Kh2 Rxc2 34. Rxc2 Rxd4 35. Rc6+ Kg5 36. Rc7 Rd2 37. f4+ Kxf4 38. Rxf7+ Ke5 39. Rxa7 g5 40. a4 Rd1 41. a5 Ra1 42. a6 Ra3 43. Ra8 Kf6 44. Kg1 Ra2 45. Kf1 Kg7 46. a7 Kh7 47. Ke1 Kg7 48. Kd1 Kh7 49. Kc1 Kg7 50. Kb1 Ra6 51. Kb2 Ra5 52. Kb3 Ra1 53. Kb4 Rb1+ 54. Kc5 Ra1 55. Kd6 Ra5 56. Ke6 Ra2 57. g3 Ra5 58. Rd8 Ra6+ 59. Rd6 Rxa7 60. Rd7+ 1-0

[Event "Fagernes Chess GM-Swiss 2025"]
[Site "Fagernes"]
[Date "2025.04.16"]
[Round "4.19"]
[White "Lilliehook, Victor"]
[Black "Myagmarsuren, Evsuld"]
[Result "0-1"]
[Annotator "RC"]
[ECO "C55"]
[WhiteElo "1993"]
[BlackElo "2305"]
[PlyCount "102"]
[EventDate "2025.04.12"]
[EventCountry "NOR"]
[SourceTitle "playchess.com"]
[Source "ChessBase"]
[SourceQuality "1"]
[TimeControl "40/6000+30:2400+30"]

1. e4 e5 2. Nf3 Nc6 3. Bc4 Nf6 4. d3 h6 5. O-O d6 6. c3 g5 7. Be3 Bg7 8. Nbd2 O-O 9. d4 exd4 10. cxd4 d5 11. exd5 Nxd5 12. Ne4 Be6 13. Nc5 Nxe3 14. Nxe6 Nxd1 15. Nxd8 Nxb2 16. Nxc6 Nxc4 17. Rfc1 b5 18. a4 a6 19. axb5 axb5 20. Rab1 Na3 21. Rb3 Rfe8 22. h3 Bf8 23. Nfe5 Bd6 24. Rf3 Nc4 25. Nxf7 Bf4 26. Nxh6+ Kh7 27. Rxf4 gxf4 28. Ng4 Kg7 29. Nce5 c5 30. Nxc4 bxc4 31. dxc5 Re4 32. f3 Re2 33. c6 c3 34. Rxc3 Ra1+ 35. Kh2 Raa2 36. c7 Rxg2+ 37. Kh1 Rgc2 38. Rxc2 Rxc2 39. Nf2 Kf6 40. Ne4+ Kg6 41. Nf2 Rxc7 42. Nd3 Kg5 43. Kg2 Rc2+ 44. Kf1 Rh2 45. Nf2 Kh4 46. Ng4 Ra2 47. Nf6 Kg3 48. Nh5+ Kxf3 49. Kg1 Rg2+ 50. Kh1 Rg6 51. Kh2 Ke3 0-1

[Event "Fagernes Chess GM-Swiss 2025"]
[Site "Fagernes"]
[Date "2025.04.16"]
[Round "4.20"]
[White "Kittilsen, Sigurd"]
[Black "Gandrud, Vegar Koi"]
[Result "1/2-1/2"]
[Annotator "RC"]
[ECO "B90"]
[WhiteElo "2010"]
[BlackElo "2273"]
[PlyCount "50"]
[EventDate "2025.04.12"]
[EventCountry "NOR"]
[SourceTitle "playchess.com"]
[Source "ChessBase"]
[SourceQuality "1"]
[TimeControl "40/6000+30:2400+30"]

1. e4 c5 2. Nf3 d6 3. d4 cxd4 4. Nxd4 Nf6 5. Nc3 a6 6. Be3 e5 7. Nb3 Be6 8. f3 Be7 9. Qd2 O-O 10. O-O-O Nbd7 11. g4 b5 12. g5 b4 13. Ne2 Ne8 14. f4 a5 15. f5 a4 16. fxe6 axb3 17. exf7+ Rxf7 18. cxb3 Rxa2 19. Ng3 Rxf1 20. Rhxf1 Ra1+ 21. Kc2 Qc8+ 22. Kd3 Qa6+ 23. Kc2 Qc6+ 24. Kd3 Qa6+ 25. Kc2 Qc6+ 1/2-1/2

[Event "Fagernes Chess GM-Swiss 2025"]
[Site "Fagernes"]
[Date "2025.04.16"]
[Round "4.21"]
[White "Hedman, Erik"]
[Black "Torfoss, Sivert Schanche"]
[Result "1-0"]
[Annotator "RC"]
[ECO "C50"]
[WhiteElo "2276"]
[BlackElo "2141"]
[PlyCount "117"]
[EventDate "2025.04.12"]
[EventCountry "NOR"]
[SourceTitle "playchess.com"]
[Source "ChessBase"]
[SourceQuality "1"]
[TimeControl "40/6000+30:2400+30"]

1. e4 e5 2. Nf3 Nc6 3. Bc4 Bc5 4. d3 Nf6 5. Bg5 h6 6. Bh4 O-O 7. O-O Be7 8. Re1 d6 9. a3 Nh5 10. Bxe7 Qxe7 11. Nc3 Nf6 12. h3 Be6 13. Nd5 Qd8 14. d4 exd4 15. Nxd4 Bxd5 16. Bxd5 Nxd4 17. Qxd4 Qd7 18. Bb3 Rfe8 19. Rad1 Qc6 20. e5 dxe5 21. Rxe5 Rxe5 22. Qxe5 Re8 23. Qf4 a6 24. Kh2 b6 25. Rd3 Re7 26. Rd8+ Ne8 27. Bd5 Qg6 28. Qf3 Kh7 29. Bc4 Nd6 30. Bd3 Ne4 31. Bxa6 f5 32. Bd3 Qf6 33. c3 Nd6 34. g3 Qe5 35. Kg2 g6 36. h4 h5 37. Ra8 Re8 38. Ra7 Re7 39. a4 Nf7 40. Bc4 Nd6 41. Qd5 Qe4+ 42. Qxe4 fxe4 43. Ba6 e3 44. fxe3 Nf5 45. Kf2 Nxe3 46. Be2 Nf5 47. b4 Nd6 48. Bd3 Rf7+ 49. Ke3 Re7+ 50. Kf4 Rd7 51. Ke3 Nf7 52. a5 bxa5 53. bxa5 Ne5 54. Bb5 Re7 55. Kd2 Rf7 56. a6 Kh6 57. Rb7 Rf2+ 58. Be2 Nc4+ 59. Ke1 1-0

[Event "Fagernes Chess GM-Swiss 2025"]
[Site "Fagernes"]
[Date "2025.04.16"]
[Round "4.22"]
[White "Ostensen, Nicolai Maxime"]
[Black "Khoo-Thwe, Louis"]
[Result "0-1"]
[Annotator "RC"]
[ECO "C97"]
[WhiteElo "2260"]
[BlackElo "2118"]
[PlyCount "118"]
[EventDate "2025.04.12"]
[EventCountry "NOR"]
[SourceTitle "playchess.com"]
[Source "ChessBase"]
[SourceQuality "1"]
[TimeControl "40/6000+30:2400+30"]

1. e4 e5 2. Nf3 Nc6 3. Bb5 a6 4. Ba4 Nf6 5. O-O Be7 6. Re1 b5 7. Bb3 d6 8. c3 O-O 9. h3 Na5 10. Bc2 c5 11. d4 Qc7 12. d5 Ne8 13. a4 Rb8 14. axb5 axb5 15. b3 Bd7 16. Nbd2 g6 17. Nf1 Ng7 18. Bh6 f6 19. g4 Nb7 20. Ng3 Nd8 21. Nd2 Nf7 22. Be3 Ra8 23. Bd3 Rxa1 24. Qxa1 Qb7 25. Qb2 Ng5 26. Bxg5 fxg5 27. Ra1 h5 28. Qa2 h4 29. Ne2 Rb8 30. Nf3 Rf8 31. Kg2 Qc8 32. Nh2 Qb7 33. Ng1 Ne8 34. Qa7 Qc7 35. Ngf3 Bf6 36. Qa2 Be7 37. Qa7 Bf6 38. Ra6 Be7 39. Nf1 Qc8 40. N1d2 Nc7 41. Rb6 Bxg4 42. hxg4 Qxg4+ 43. Kf1 Rxf3 44. Nxf3 Qxf3 45. Qxc7 h3 46. Rb8+ Kf7 47. Bc2 h2 48. Rh8 h1=R+ 49. Rxh1 Qxh1+ 50. Ke2 Qc1 51. Bd1 Qb1 52. f3 g4 53. fxg4 Qxe4+ 54. Kd2 Qxd5+ 55. Kc1 e4 56. Qa7 Ke6 57. Bc2 Bg5+ 58. Kb1 Qd2 59. Bxe4 Qe1+ 0-1

[Event "Fagernes Chess GM-Swiss 2025"]
[Site "Fagernes"]
[Date "2025.04.16"]
[Round "4.23"]
[White "Arvola, Daniel"]
[Black "Pang, Ethan"]
[Result "0-1"]
[Annotator "RC"]
[ECO "B29"]
[WhiteElo "2088"]
[BlackElo "2257"]
[PlyCount "96"]
[EventDate "2025.04.12"]
[EventCountry "NOR"]
[SourceTitle "playchess.com"]
[Source "ChessBase"]
[SourceQuality "1"]
[TimeControl "40/6000+30:2400+30"]

1. e4 c5 2. Nf3 Nf6 3. Nc3 Nc6 4. d4 d5 5. exd5 Nxd5 6. Bb5 Bg4 7. O-O a6 8. Be2 e6 9. Nxd5 Qxd5 10. c4 Qd6 11. d5 exd5 12. cxd5 Nb4 13. h3 Bf5 14. Nh4 Bc2 15. Qe1 Be7 16. Bg4 Qxd5 17. a3 Nc6 18. Bf3 Qd7 19. Bg5 f6 20. Bh5+ Kd8 21. Bg4 Qd6 22. Be3 h5 23. Nf5 Bxf5 24. Bxf5 Qe5 25. Bg6 Bd6 26. f4 Qe7 27. Rd1 Kc7 28. Qc3 Rad8 29. Rfe1 Qf8 30. Be4 f5 31. Bd5 Qf6 32. Qc2 Rhe8 33. b4 cxb4 34. Bxc6 bxc6 35. Qc4 Kb7 36. Rc1 Bf8 37. axb4 Re4 38. Qc2 Rde8 39. Qd3 Qd6 40. Qb3 Qe6 41. Qxe6 R8xe6 42. Kf2 Bxb4 43. Re2 a5 44. Kf3 c5 45. Rd1 Kc6 46. Rd8 Re8 47. Rd1 c4 48. Rb1 Bc5 0-1

[Event "Fagernes Chess GM-Swiss 2025"]
[Site "Fagernes"]
[Date "2025.04.16"]
[Round "4.24"]
[White "Oksendal, Martin"]
[Black "Verbin, Valentina"]
[Result "1/2-1/2"]
[Annotator "RC"]
[ECO "C11"]
[WhiteElo "2250"]
[BlackElo "2113"]
[PlyCount "108"]
[EventDate "2025.04.12"]
[EventCountry "NOR"]
[SourceTitle "playchess.com"]
[Source "ChessBase"]
[SourceQuality "1"]
[TimeControl "40/6000+30:2400+30"]

1. e4 e6 2. d4 d5 3. Nc3 Nf6 4. e5 Nfd7 5. f4 c5 6. Nf3 Nc6 7. Be3 a6 8. a3 cxd4 9. Nxd4 Bc5 10. Qd2 Nxd4 11. Bxd4 Bxd4 12. Qxd4 Qb6 13. Qxb6 Nxb6 14. Bd3 Bd7 15. Kd2 Ke7 16. b3 h5 17. h4 g6 18. Ne2 Nc8 19. g4 hxg4 20. Rag1 Bb5 21. Rxg4 Bxd3 22. Kxd3 Na7 23. Ng3 Rac8 24. h5 gxh5 25. Rxh5 Rxh5 26. Nxh5 Nb5 27. a4 Na3 28. Rg2 b5 29. axb5 axb5 30. Nf6 b4 31. Rg8 Rxg8 32. Nxg8+ Kd8 33. Nh6 Ke7 34. Ng4 Nb5 35. Ke3 Na3 36. Kd2 Kd7 37. Nf2 Kc6 38. Nd3 Kb5 39. Ne1 Kc6 40. Nf3 Kd7 41. Ne1 Nb1+ 42. Kc1 Nc3 43. Nd3 Kc6 44. Nxb4+ Kc5 45. Nd3+ Kd4 46. Kd2 Nb1+ 47. Ke2 Kc3 48. Ne1 Na3 49. Kd1 Nb5 50. Nf3 Na3 51. Ne1 Nb5 52. Nd3 Na3 53. Ne1 Nb5 54. Nf3 Na3 1/2-1/2

[Event "Fagernes Chess GM-Swiss 2025"]
[Site "Fagernes"]
[Date "2025.04.16"]
[Round "4.25"]
[White "Skotheim, Andreas"]
[Black "Holand, Per Fredrik"]
[Result "1/2-1/2"]
[Annotator "ChessBase"]
[ECO "D30"]
[WhiteElo "2229"]
[BlackElo "2070"]
[PlyCount "208"]
[EventDate "2025.04.12"]
[EventCountry "NOR"]
[SourceTitle "playchess.com"]
[Source "ChessBase"]
[SourceQuality "1"]
[TimeControl "40/6000+30:2400+30"]

1. d4 d5 2. c4 c6 3. Nf3 Nf6 4. e3 e6 5. Nbd2 Nbd7 6. Bd3 Be7 7. O-O O-O 8. Qc2 dxc4 9. Nxc4 c5 10. Nce5 cxd4 11. exd4 h6 12. a3 Nb6 13. Be3 Nbd5 14. Qd2 Nxe3 15. fxe3 b6 16. Nc6 Qd6 17. Nxe7+ Qxe7 18. e4 Bb7 19. Rae1 Rad8 20. Qf2 Nh7 21. Re3 g6 22. h4 Nf6 23. Qg3 Nh5 24. Qh2 Qd6 25. e5 Qd7 26. Be4 Bxe4 27. Rxe4 Ng7 28. h5 g5 29. g4 Qd5 30. Qe2 Rc8 31. Qd3 f5 32. exf6 Rxf6 33. Nd2 Rxf1+ 34. Nxf1 Rf8 35. Nd2 Qa2 36. Qb1 Qxb1+ 37. Nxb1 Rf3 38. Nd2 Rd3 39. Nf1 Kf7 40. Ne3 Ne8 41. Nc4 Rd1+ 42. Kf2 Nf6 43. Ne5+ Kg7 44. Re2 Rxd4 45. Kf3 Rf4+ 46. Kg3 Rf1 47. Nf3 Kf7 48. Ne5+ Ke7 49. Nc6+ Kd6 50. Nd8 Kd7 51. Nxe6 Rg1+ 52. Kf3 Nxg4 53. Nf8+ Kd6 54. Rd2+ Kc6 55. Nd7 a5 56. a4 Kc7 57. b3 Kc6 58. Ke4 Rf1 59. Ne5+ Nxe5 60. Kxe5 Kc7 61. Ke6 Rh1 62. Rc2+ Kb7 63. Kd7 Rd1+ 64. Ke7 b5 65. Rc5 bxa4 66. bxa4 Rh1 67. Rxa5 Rxh5 68. Kf6 Rh4 69. Kf5 Kb6 70. Ra8 Rc4 71. Kg6 Rc6+ 72. Kh5 Kc5 73. Kg4 Kb6 74. Kh5 Kb7 75. Ra5 Ra6 76. Rb5+ Kc7 77. Rd5 Rd6 78. Ra5 Re6 79. Ra8 Kd6 80. Ra5 Kc7 81. Ra7+ Kb6 82. Ra8 Kc5 83. Ra7 Kd4 84. Ra8 Ke3 85. Rh8 Kd4 86. Ra8 Ke5 87. Kg4 Rf6 88. Kh5 Kf4 89. Rb8 Ra6 90. Rb4+ Ke3 91. Rb3+ Kd4 92. Rb4+ Kc3 93. Rb8 Kc4 94. Rb7 Kc5 95. Rb5+ Kc4 96. Rb8 Rd6 97. Rb5 Kd4 98. a5 Rd5 99. Rb6 Ke3 100. Kg4 Rd4+ 101. Kh5 Ra4 102. Rxh6 Kf3 103. Rf6+ Kg3 104. Kxg5 Rxa5+ 1/2-1/2

[Event "Fagernes Chess GM-Swiss 2025"]
[Site "Fagernes"]
[Date "2025.04.16"]
[Round "4.26"]
[White "Simonsen, David Mindestrommen"]
[Black "Westrum, Kim Roger Hansen"]
[Result "1-0"]
[Annotator "RC"]
[ECO "B30"]
[WhiteElo "2034"]
[BlackElo "2193"]
[PlyCount "47"]
[EventDate "2025.04.12"]
[EventCountry "NOR"]
[SourceTitle "playchess.com"]
[Source "ChessBase"]
[SourceQuality "1"]
[TimeControl "40/6000+30:2400+30"]

1. e4 c5 2. Nf3 Nc6 3. Bb5 Nf6 4. Bxc6 dxc6 5. d3 Qc7 6. e5 Nd5 7. c4 Nb4 8. a3 Na6 9. O-O Bf5 10. Qe2 Rd8 11. Rd1 h6 12. Nc3 g5 13. Ne4 Be6 14. Bd2 Bg7 15. Ng3 O-O 16. Bc3 Qc8 17. Re1 Bg4 18. h3 Bxf3 19. Qxf3 Nc7 20. Nf5 Rfe8 21. e6 f6 22. Qh5 Kh7 23. Qf7 Rg8 24. Nxe7 1-0

[Event "Fagernes Chess GM-Swiss 2025"]
[Site "Fagernes"]
[Date "2025.04.16"]
[Round "4.27"]
[White "Olsen, William Alexander"]
[Black "Haugen, Lars Tormod"]
[Result "1-0"]
[Annotator "RC"]
[ECO "B32"]
[WhiteElo "2188"]
[BlackElo "1988"]
[PlyCount "67"]
[EventDate "2025.04.12"]
[EventCountry "NOR"]
[SourceTitle "playchess.com"]
[Source "ChessBase"]
[SourceQuality "1"]
[TimeControl "40/6000+30:2400+30"]

1. e4 c5 2. Nf3 Nc6 3. d4 cxd4 4. Nxd4 e5 5. Nb5 d6 6. N1c3 a6 7. Na3 Be7 8. Nd5 Nf6 9. Be3 Nxd5 10. exd5 Nb8 11. Nc4 Nd7 12. a4 O-O 13. g4 Rb8 14. a5 Nc5 15. b4 Ne4 16. Bg2 f5 17. Qd3 Ng5 18. h4 e4 19. Qb3 Nf7 20. g5 Bd7 21. Bd4 Bb5 22. Nb6 Kh8 23. c4 Bd7 24. Qc3 Ne5 25. Bxe5 dxe5 26. Rd1 Be8 27. d6 Bxg5 28. hxg5 Qxg5 29. Qh3 h6 30. Qg3 Qf6 31. d7 Bf7 32. Qh4 Be6 33. Qxf6 gxf6 34. Rd6 1-0

[Event "Fagernes Chess GM-Swiss 2025"]
[Site "Fagernes"]
[Date "2025.04.16"]
[Round "4.28"]
[White "Stromhaug, Kristoffer Wang"]
[Black "Skaar, Ben Samuel Groth"]
[Result "1/2-1/2"]
[Annotator "RC"]
[ECO "C48"]
[WhiteElo "2020"]
[BlackElo "2167"]
[PlyCount "93"]
[EventDate "2025.04.12"]
[EventCountry "NOR"]
[SourceTitle "playchess.com"]
[Source "ChessBase"]
[SourceQuality "1"]
[TimeControl "40/6000+30:2400+30"]

1. e4 e5 2. Nf3 Nc6 3. Nc3 Nf6 4. Bb5 Nd4 5. O-O c6 6. Bd3 Nxf3+ 7. Qxf3 Bd6 8. a4 O-O 9. Bc4 Bc7 10. d3 h6 11. h3 d6 12. Ba2 Be6 13. Ne2 Qe7 14. Ng3 Rad8 15. Kh1 Kh7 16. Nf5 Bxf5 17. Qxf5+ g6 18. Qf3 Nh5 19. Qe3 Nf4 20. Qxa7 b6 21. Qa6 g5 22. Bxf4 exf4 23. f3 h5 24. d4 Qd7 25. Qd3 Kg7 26. Kg1 Rfe8 27. Rae1 Ra8 28. Bb3 f6 29. c3 Kh6 30. Bc2 Rg8 31. Kf2 h4 32. Kg1 Rae8 33. Rd1 Rg7 34. Rfe1 Qc8 35. Qc4 Qb7 36. Qd3 Qc8 37. b4 Qe6 38. d5 cxd5 39. Qxd5 Qxd5 40. Rxd5 Rge7 41. c4 Kg7 42. Red1 Re5 43. Kf1 Kf8 44. Bb1 Ra8 45. Bc2 Rae8 46. Bb1 Ra8 47. Bc2 1/2-1/2

[Event "Fagernes Chess GM-Swiss 2025"]
[Site "Fagernes"]
[Date "2025.04.16"]
[Round "4.29"]
[White "Kaewpitakkun, Pantham"]
[Black "Aamodt, Peder Marcus"]
[Result "0-1"]
[Annotator "RC"]
[ECO "C11"]
[WhiteElo "2026"]
[BlackElo "2242"]
[PlyCount "72"]
[EventDate "2025.04.12"]
[EventCountry "NOR"]
[SourceTitle "playchess.com"]
[Source "ChessBase"]
[SourceQuality "1"]
[TimeControl "40/6000+30:2400+30"]

1. e4 e6 2. d4 d5 3. Nc3 Nf6 4. e5 Nfd7 5. f4 c5 6. Nf3 Nc6 7. Be3 Rb8 8. Qd2 Qa5 9. dxc5 Bxc5 10. Nd4 Nxd4 11. Bxd4 b5 12. Bxc5 Nxc5 13. Nxb5 Rxb5 14. Qxa5 Rxa5 15. b4 Ra4 16. bxc5 Re4+ 17. Kd1 Rxf4 18. Bd3 Ke7 19. Ke2 Ra4 20. Rhb1 Ra5 21. Rb5 Rxb5 22. Bxb5 Bd7 23. Bxd7 Kxd7 24. Rb1 Kc6 25. Kd3 f6 26. Re1 f5 27. Rb1 g5 28. Kd4 f4 29. Rb3 g4 30. Ra3 Rf8 31. Rb3 f3 32. gxf3 gxf3 33. Rb1 f2 34. Rf1 Rf3 35. c4 dxc4 36. Kxc4 Rf4+ 0-1

[Event "Fagernes Chess GM-Swiss 2025"]
[Site "Fagernes"]
[Date "2025.04.16"]
[Round "4.30"]
[White "Hebbar, Eshaan"]
[Black "Wernberg, Nikolai Olsen"]
[Result "1-0"]
[Annotator "RC"]
[ECO "A70"]
[WhiteElo "2175"]
[BlackElo "1893"]
[PlyCount "93"]
[EventDate "2025.04.12"]
[EventCountry "NOR"]
[SourceTitle "playchess.com"]
[Source "ChessBase"]
[SourceQuality "1"]
[TimeControl "40/6000+30:2400+30"]

1. d4 Nf6 2. c4 c5 3. d5 e6 4. Nc3 exd5 5. cxd5 d6 6. e4 g6 7. Nf3 a6 8. a4 Bg4 9. Be2 Bxf3 10. Bxf3 Bg7 11. O-O O-O 12. Re1 Nbd7 13. Qc2 Rb8 14. a5 Ne8 15. Be2 Nc7 16. Bf1 Re8 17. Bf4 Ne5 18. h3 b5 19. axb6 Rxb6 20. Bg3 Nb5 21. Rxa6 Nd4 22. Qc1 Rxa6 23. Bxa6 Qb6 24. Bf1 f6 25. f4 Nd7 26. Kh2 Rb8 27. Nd1 Qb4 28. Qc3 Qa4 29. Qc4 Rb4 30. Qa6 Qxa6 31. Bxa6 Nc2 32. Re2 Nd4 33. Re3 Nc2 34. Rc3 Nd4 35. Rc4 Rb3 36. Bf2 Nb6 37. Rc3 Rb4 38. Be1 f5 39. Ra3 Ra4 40. Ba5 Nc2 41. Rxa4 Nxa4 42. b3 Nb2 43. Nxb2 Bxb2 44. exf5 Bd4 45. fxg6 hxg6 46. Bc7 Ne3 47. g4 1-0

[Event "Fagernes Chess GM-Swiss 2025"]
[Site "Fagernes"]
[Date "2025.04.16"]
[Round "4.31"]
[White "Halvorsen, Benjamin"]
[Black "Den Roover, Nikolay Jorgensen"]
[Result "0-1"]
[Annotator "RC"]
[ECO "D00"]
[WhiteElo "1966"]
[BlackElo "2004"]
[PlyCount "127"]
[EventDate "2025.04.12"]
[EventCountry "NOR"]
[SourceTitle "playchess.com"]
[Source "ChessBase"]
[SourceQuality "1"]
[TimeControl "40/6000+30:2400+30"]

1. d4 Nf6 2. Bg5 d5 3. e3 Bf5 4. c4 c6 5. Qb3 Qb6 6. Qxb6 axb6 7. Bxf6 exf6 8. cxd5 Bxb1 9. Rxb1 Rxa2 10. Bc4 Ra4 11. Bd3 Bb4+ 12. Ke2 O-O 13. Nh3 cxd5 14. Nf4 Ra5 15. Bc2 Bd6 16. g3 Nc6 17. Bb3 Ne7 18. Rhc1 Rfa8 19. Rc3 g6 20. Bd1 Kg7 21. Rb3 b5 22. Kd2 b4 23. Bf3 g5 24. Nd3 Nc6 25. Rc1 Rb5 26. Nc5 Na5 27. Rd3 Nc4+ 28. Ke1 Bxc5 29. dxc5 Ne5 30. Ke2 Nxd3 31. Kxd3 Rd8 32. Kd4 b3 33. Bxd5 b6 34. e4 Rb4+ 35. Rc4 bxc5+ 36. Kxc5 Rxc4+ 37. Kxc4 h5 38. Kxb3 f5 39. Kc3 fxe4 40. Bxe4 g4 41. b4 Kf6 42. b5 Ke5 43. Bg2 Rd6 44. f3 Rd1 45. b6 Kd6 46. b7 Kc7 47. fxg4 hxg4 48. Be4 Rf1 49. Kd3 f5 50. Bg2 Rf2 51. Bd5 Rxh2 52. Ke3 Rb2 53. Kf4 Rf2+ 54. Kg5 Rf1 55. Kh4 Rb1 56. Be6 Rf1 57. Bd5 Rf2 58. Kg5 Rf3 59. Kh4 Rd3 60. Be6 Rf3 61. Bd5 Rf2 62. Kg5 Kb8 63. Kh4 Rf3 64. Bc6 0-1

[Event "Fagernes Chess GM-Swiss 2025"]
[Site "Fagernes"]
[Date "2025.04.16"]
[Round "4.32"]
[White "Gasland, Lukas Dominik"]
[Black "Hausken, Andreas Skrede"]
[Result "1/2-1/2"]
[Annotator "NA RC"]
[ECO "A37"]
[WhiteElo "1994"]
[BlackElo "2002"]
[PlyCount "61"]
[EventDate "2025.04.12"]
[EventCountry "NOR"]
[SourceTitle "playchess.com"]
[Source "ChessBase"]
[SourceQuality "1"]
[TimeControl "40/6000+30:2400+30"]

1. Nf3 c5 2. g3 Nc6 3. Bg2 g6 4. O-O Bg7 5. c4 d6 6. Nc3 e5 7. d3 Nge7 8. Ne1 Be6 9. e4 O-O 10. f4 Qd7 11. Nf3 Bg4 12. Be3 exf4 13. Bxf4 Nd4 14. Qd2 Nxf3+ 15. Bxf3 Bxf3 16. Rxf3 a6 17. Bh6 f5 18. Raf1 fxe4 19. Rxf8+ Rxf8 20. Rxf8+ Bxf8 21. Bxf8 Kxf8 22. Qh6+ Kg8 23. Nxe4 Qf5 24. Ng5 Qf6 25. Qxh7+ Kf8 26. Qh4 Qxb2 27. Qf4+ Nf5 28. g4 Qb1+ 29. Kg2 Qc2+ 30. Kg1 Qd1+ 31. Kg2 1/2-1/2

[Event "Fagernes Chess GM-Swiss 2025"]
[Site "Fagernes"]
[Date "2025.04.16"]
[Round "4.33"]
[White "Strand, Amund Pihl"]
[Black "Ashwath Kaushik"]
[Result "0-1"]
[Annotator "NA RC"]
[ECO "A22"]
[WhiteElo "1914"]
[BlackElo "1958"]
[PlyCount "74"]
[EventDate "2025.04.12"]
[EventCountry "NOR"]
[SourceTitle "playchess.com"]
[Source "ChessBase"]
[SourceQuality "1"]
[TimeControl "40/6000+30:2400+30"]

1. c4 e5 2. Nc3 Nf6 3. Nf3 e4 4. Ng5 c6 5. d3 d5 6. e3 h6 7. Nh3 Bb4 8. Bd2 exd3 9. Bxd3 dxc4 10. Bxc4 O-O 11. Nf4 Qc7 12. O-O Rd8 13. Qc2 b5 14. Bb3 Bd6 15. Rac1 a6 16. a4 b4 17. Nce2 a5 18. Rfd1 c5 19. Ng3 Nc6 20. Nfe2 Ba6 21. Bc4 Bxc4 22. Qxc4 Ne5 23. Qc2 Nd3 24. Qxd3 Bxg3 25. Qf5 Bxh2+ 26. Kf1 Rd5 27. Qf3 Rad8 28. Nd4 Qd7 29. Nb3 Qxa4 30. Nxc5 Qb5+ 31. Qe2 Rxc5 32. Qxb5 Rxb5 33. g3 Rbd5 34. Ke2 Ne4 35. Be1 Rxd1 36. Rxd1 Rxd1 37. Kxd1 Bg1 0-1